3A
WASHINGTON GENERALS @ MYRTLE BEACH SEAHAWKS
08/23/2021
 
TOP OF THE 1ST
Washington Generals batting - Pitching for Myrtle Beach Seahawks : LHP José Rodríguez
Pitching: LHP José Rodríguez
Batting: RHB Iván Rodríguez 0-0: SINGLE (Flyball, 6MD)
Batting: RHB Vicente Hernández 0-0: Swinging Strike
0-1: Swinging Strike
0-2: Strikes out looking
Batting: RHB Harley Gray 0-0: Ball
1-0: Called Strike
1-1: Ball
2-1: Fielders Choice at 2nd, U4 (Groundball, 4M)
Batting: RHB Arturo Morales 0-0: Ball
1-0: Called Strike
1-1: Fly out, F8 (Flyball, 8RS)
Top of the 1st over - 0 run(s), 1 hit(s), 0 error(s), 1 left on base; Washington 0 - Myrtle Beach 0
BOTTOM OF THE 1ST
Myrtle Beach Seahawks batting - Pitching for Washington Generals : RHP Octávio Rosário
Pitching: RHP Octávio Rosário
Batting: RHB Fernando Pérez 0-0: Swinging Strike
0-1: Called Strike
0-2: Strikes out swinging
Batting: RHB José Sosa 0-0: Ball
1-0: Ball
2-0: SINGLE (Line Drive, 89S)
Batting: RHB Jim Unknown 0-0: Ball
1-0: Ball
2-0: Foul Ball, location: 2F
2-1: DOUBLE (Line Drive, 89M)
José Sosa to third
Runner from 3rd tries for Home, SAFE, no throw or cutoff
Batting: SHB Tony Ortíz 0-0: Ball
1-0: Ball
2-0: Called Strike
2-1: Fly out, F8 (Flyball, 8LS)
Batting: SHB Tony Martínez 0-0: Ball
1-0: Ball
2-0: Ball
3-0: Called Strike
3-1: Base on Balls
Batting: RHB Manuel Díaz 0-0: Called Strike
0-1: Ball
1-1: Swinging Strike
1-2: Strikes out swinging
Bottom of the 1st over - 1 run(s), 2 hit(s), 0 error(s), 2 left on base; Washington 0 - Myrtle Beach 1
TOP OF THE 2ND
Washington Generals batting - Pitching for Myrtle Beach Seahawks : LHP José Rodríguez
Batting: SHB Carlos Alicea 0-0: Foul Ball, location: 2F
0-1: Swinging Strike
0-2: Foul Ball, location: 2F
0-2: Strikes out looking
Batting: RHB Tim Lehman 0-0: Called Strike
0-1: Called Strike
0-2: Strikes out swinging
Batting: RHB Jim Unknown 0-0: DOUBLE (Line Drive, 7LM)
Batting: RHB Alfredo Suárez 0-0: Ground out 5-3 (Groundball, 5)
Top of the 2nd over - 0 run(s), 1 hit(s), 0 error(s), 1 left on base; Washington 0 - Myrtle Beach 1
BOTTOM OF THE 2ND
Myrtle Beach Seahawks batting - Pitching for Washington Generals : RHP Octávio Rosário
Batting: RHB Guillaume Colin 0-0: Hit by Pitch
Batting: RHB Jack Peck 0-0: Called Strike
0-1: Ball
1-1: Foul Ball, location: 2F
1-2: Ball
2-2: Foul Ball, location: 2F
2-2: SINGLE (Groundball, 56)
Guillaume Colin to second
Batting: LHB Jim Unknown 0-0: Called Strike
0-1: Called Strike
0-2: Strikes out swinging
Batting: RHB Fernando Pérez 0-0: Ball
1-0: Foul Ball, location: 2F
1-1: Ball
2-1: Ball
3-1: Swinging Strike
3-2: Foul Ball, location: 2F
3-2: Strikes out swinging
Batting: RHB José Sosa 0-0: Called Strike
0-1: Ground out 1-3 (Groundball, 15S)
Bottom of the 2nd over - 0 run(s), 1 hit(s), 0 error(s), 2 left on base; Washington 0 - Myrtle Beach 1
TOP OF THE 3RD
Washington Generals batting - Pitching for Myrtle Beach Seahawks : LHP José Rodríguez
Batting: RHB Andy Moore 0-0: Fly out, F5 (Line Drive, 5)
Batting: RHB Iván Rodríguez 0-0: Swinging Strike
0-1: Called Strike
0-2: Strikes out swinging
Batting: RHB Vicente Hernández 0-0: Ball
1-0: Fly out, F8 (Flyball, 8LXD)
Top of the 3rd over - 0 run(s), 0 hit(s), 0 error(s), 0 left on base; Washington 0 - Myrtle Beach 1
BOTTOM OF THE 3RD
Myrtle Beach Seahawks batting - Pitching for Washington Generals : RHP Octávio Rosário
Batting: RHB Jim Unknown 0-0: Ball
1-0: Ball
2-0: Foul Ball, location: 2F
2-1: Fly out, F5 (Line Drive, 56)
Batting: SHB Tony Ortíz 0-0: Ball
1-0: Ground out 4-3 (Groundball, 34)
Batting: SHB Tony Martínez 0-0: Ball
1-0: Called Strike
1-1: Ground out 1-3 (Groundball, 13)
Bottom of the 3rd over - 0 run(s), 0 hit(s), 0 error(s), 0 left on base; Washington 0 - Myrtle Beach 1
TOP OF THE 4TH
Washington Generals batting - Pitching for Myrtle Beach Seahawks : LHP José Rodríguez
Batting: RHB Harley Gray 0-0: Ball
1-0: Fly out, F7 (Flyball, 78M)
Batting: RHB Arturo Morales 0-0: Ball
1-0: Fly out, F9 (Flyball, 9M)
Batting: SHB Carlos Alicea 0-0: Called Strike
0-1: Swinging Strike
0-2: Ball
1-2: Strikes out swinging
Top of the 4th over - 0 run(s), 0 hit(s), 0 error(s), 0 left on base; Washington 0 - Myrtle Beach 1
BOTTOM OF THE 4TH
Myrtle Beach Seahawks batting - Pitching for Washington Generals : RHP Octávio Rosário
Batting: RHB Manuel Díaz 0-0: Foul Ball, location: 2F
0-1: Ball
1-1: Called Strike
1-2: Ball
2-2: Ball
3-2: Base on Balls
Batting: RHB Guillaume Colin 0-0: Swinging Strike
0-1: Ball
1-1: Fly out, F8 (Line Drive, 8RD)
Batting: RHB Jack Peck 0-0: Foul Ball, location: 2F
0-1: Swinging Strike
0-2: Foul Ball, location: 2F
0-2: Ball
1-2: TRIPLE (Line Drive, 9LM)
Manuel Díaz scores
Batting: LHB Jim Unknown 0-0: Intentional Walk
Batting: RHB Fernando Pérez 0-0: SINGLE (Groundball, 56D)
Jack Peck scores
Jim Unknown to second
Batting: RHB José Sosa 0-0: SINGLE (Groundball, 34D)
Jim Unknown to third
Fernando Pérez to second
Runner from 3rd tries for Home, SAFE, throw made home
Fernando Pérez to third
José Sosa to second
Batting: RHB Jim Unknown 0-0: Intentional Walk
Batting: SHB Tony Ortíz 0-0: Ball
1-0: Fly out, F8 (Flyball, 8RM)
Runner from 3rd tags up, SCORES, no throw
Pitching: LHP César Rosado
Batting: SHB Tony Martínez 0-0: Ball
1-0: Ball
2-0: Foul Ball, location: 2F
2-1: Foul Ball, location: 2F
2-2: Strikes out swinging
Bottom of the 4th over - 4 run(s), 3 hit(s), 0 error(s), 2 left on base; Washington 0 - Myrtle Beach 5
TOP OF THE 5TH
Washington Generals batting - Pitching for Myrtle Beach Seahawks : LHP José Rodríguez
Batting: RHB Tim Lehman 0-0: Ball
1-0: Called Strike
1-1: Called Strike
1-2: Foul Ball, location: 2F
1-2: Foul Ball, location: 2F
1-2: Fly out, F9 (Flyball, 89M)
Batting: RHB Jim Unknown 0-0: Ball
1-0: Called Strike
1-1: Called Strike
1-2: Ground out 5-3 (Groundball, 5)
Batting: RHB Alfredo Suárez 0-0: Ball
1-0: Fly out, F5 (Popup, 5DF)
Top of the 5th over - 0 run(s), 0 hit(s), 0 error(s), 0 left on base; Washington 0 - Myrtle Beach 5
BOTTOM OF THE 5TH
Myrtle Beach Seahawks batting - Pitching for Washington Generals : LHP César Rosado
Batting: RHB Manuel Díaz 0-0: Ball
1-0: SINGLE (Flyball, 8LS)
Batting: RHB Guillaume Colin 0-0: Bunted foul
0-1: Bunted foul
0-2: Foul Ball, location: 2F
0-2: Foul Ball, location: 2F
0-2: Ball
1-2: Ball
2-2: Ball
3-2: Strikes out swinging
Batting: RHB Jack Peck 0-0: Called Strike
0-1: Foul Ball, location: 2F
0-2: Grounds into double play, U6-3 (Groundball, 6)
Bottom of the 5th over - 0 run(s), 1 hit(s), 0 error(s), 0 left on base; Washington 0 - Myrtle Beach 5
TOP OF THE 6TH
Washington Generals batting - Pitching for Myrtle Beach Seahawks : LHP José Rodríguez
Batting: RHB Andy Moore 0-0: Ball
1-0: Fly out, F8 (Flyball, 8LM)
Batting: RHB Iván Rodríguez 0-0: Fly out, F9 (Flyball, 89D)
Batting: RHB Vicente Hernández 0-0: Ball
1-0: Called Strike
1-1: Foul Ball, location: 2F
1-2: Foul Ball, location: 2F
1-2: Ball
2-2: Ball
3-2: Strikes out swinging
Top of the 6th over - 0 run(s), 0 hit(s), 0 error(s), 0 left on base; Washington 0 - Myrtle Beach 5
BOTTOM OF THE 6TH
Myrtle Beach Seahawks batting - Pitching for Washington Generals : LHP César Rosado
Batting: LHB Jim Unknown 0-0: Ball
1-0: SINGLE (Flyball, 6MD)
Batting: RHB Fernando Pérez 0-0: Ball
1-0: Bunted foul
1-1: Sac Bunt - play at first, batter safe!
Jim Unknown to second
Batting: RHB José Sosa 0-0: Bunted foul
0-1: Sac Bunt - play at first, batter OUT! 1-4
Jim Unknown to third
Fernando Pérez to second
Batting: RHB Jim Unknown 0-0: Intentional Walk
Batting: SHB Tony Ortíz 0-0: Foul Ball, location: 2F
0-1: Foul Ball, location: 2F
0-2: Strikes out looking
Batting: SHB Tony Martínez 0-0: Called Strike
0-1: Ball
1-1: Ball
2-1: Called Strike
2-2: Strikes out looking
Bottom of the 6th over - 0 run(s), 2 hit(s), 0 error(s), 3 left on base; Washington 0 - Myrtle Beach 5
TOP OF THE 7TH
Washington Generals batting - Pitching for Myrtle Beach Seahawks : LHP José Rodríguez
Batting: RHB Harley Gray 0-0: Ball
1-0: Ball
2-0: Fly out, F9 (Flyball, 9M)
Batting: RHB Arturo Morales 0-0: SINGLE (Groundball, 6)
Batting: SHB Carlos Alicea 0-0: Swinging Strike
0-1: Swinging Strike
0-2: Strikes out swinging
Batting: RHB Tim Lehman 0-0: Ball
1-0: Swinging Strike
1-1: Foul Ball, location: 2F
1-2: Strikes out swinging
Top of the 7th over - 0 run(s), 1 hit(s), 0 error(s), 1 left on base; Washington 0 - Myrtle Beach 5
BOTTOM OF THE 7TH
Myrtle Beach Seahawks batting - Pitching for Washington Generals : LHP César Rosado
Batting: RHB Manuel Díaz 0-0: Foul Ball, location: 2F
0-1: Called Strike
0-2: Strikes out looking
Batting: RHB Guillaume Colin 0-0: Ground out 5-3 (Groundball, 56)
Batting: RHB Jack Peck 0-0: DOUBLE (Line Drive, 5D)
Batting: LHB Jim Unknown 0-0: Foul Ball, location: 2F
0-1: Foul Ball, location: 2F
0-2: Ball
1-2: Foul Ball, location: 2F
1-2: Foul Ball, location: 2F
1-2: Strikes out swinging
Bottom of the 7th over - 0 run(s), 1 hit(s), 0 error(s), 1 left on base; Washington 0 - Myrtle Beach 5
TOP OF THE 8TH
Washington Generals batting - Pitching for Myrtle Beach Seahawks : LHP José Rodríguez
Batting: RHB Jim Unknown 0-0: Ball
1-0: Swinging Strike
1-1: Foul Ball, location: 2F
1-2: SINGLE (Line Drive, 4MD)
Batting: RHB Alfredo Suárez 0-0: SINGLE (Line Drive, 78S)
Jim Unknown to second
Batting: RHB Andy Moore 0-0: Foul Ball, location: 2F
0-1: Ball
1-1: Called Strike
1-2: Foul Ball, location: 2F
1-2: Ball
2-2: SINGLE (Line Drive, 7S)
Jim Unknown to third
Alfredo Suárez to second
Pitching: LHP Jim Unknown
Batting: RHB Iván Rodríguez 0-0: Ball
1-0: Ball
2-0: Ball
3-0: Base on Balls
Jim Unknown scores
Alfredo Suárez to third
Andy Moore to second
Batting: RHB Vicente Hernández 0-0: Fly out, F9 (Flyball, 89D)
Runner from 3rd tags up, SCORES, no throw
Batting: RHB Harley Gray 0-0: Called Strike
0-1: Foul Ball, location: 2F
0-2: Strikes out swinging
Batting: RHB Arturo Morales 0-0: Called Strike
0-1: Ball
1-1: Ball
2-1: SINGLE (Line Drive, 7S)
Andy Moore to third
Iván Rodríguez to second
Runner from 3rd tries for Home, SAFE, no throw or cutoff
Batting: SHB Carlos Alicea 0-0: Ball
1-0: Ball
2-0: Foul Ball, location: 2F
2-1: Ball
3-1: Called Strike
3-2: Foul Ball, location: 2F
3-2: Strikes out looking
Top of the 8th over - 3 run(s), 4 hit(s), 0 error(s), 2 left on base; Washington 3 - Myrtle Beach 5
BOTTOM OF THE 8TH
Myrtle Beach Seahawks batting - Pitching for Washington Generals : LHP César Rosado
Batting: RHB Fernando Pérez 0-0: Ball
1-0: Ball
2-0: Called Strike
2-1: Foul Ball, location: 2F
2-2: Ground out 5-3 (Groundball, 15S)
Batting: RHB José Sosa 0-0: Ball
1-0: Called Strike
1-1: SINGLE (Flyball, 78S)
Batting: RHB Jim Unknown 0-0: Called Strike
0-1: Grounds into double play, 6-4-3 (Groundball, 6)
Bottom of the 8th over - 0 run(s), 1 hit(s), 0 error(s), 0 left on base; Washington 3 - Myrtle Beach 5
TOP OF THE 9TH
Washington Generals batting - Pitching for Myrtle Beach Seahawks : LHP Jim Unknown
Batting: RHB Tim Lehman 0-0: Ground out 6-3 (Groundball, 6M)
Batting: RHB Jim Unknown 0-0: Ball
1-0: Foul Ball, location: 2F
1-1: Ball
2-1: Swinging Strike
2-2: Strikes out swinging
Batting: RHB Alfredo Suárez 0-0: Called Strike
0-1: Called Strike
0-2: Ball
1-2: Strikes out swinging
Top of the 9th over - 0 run(s), 0 hit(s), 0 error(s), 0 left on base; Washington 3 - Myrtle Beach 5
This league is powered by Out of the Park Baseball, the baseball management simulation game for PC, Mac and Linux
Friday, January 22nd, 2016 - OOTP Baseball 16.9 Build 39